 Dungeon Crawl Stone Soup version 0.30-a0-777-ga9a30cbeda (webtiles) character file.

Game seed: 15431536146519117760

205 Hubris850 the Shooter (level 5, -3/25 HPs)
             Began as a Spriggan Hunter on Feb 14, 2023.
             Blown up by Ijyb (18 damage)
             ... with a mindburst bolt
             ... on level 3 of the Dungeon.
             The game lasted 00:04:53 (1640 turns).

Hubris850 the Shooter (Spriggan Hunter)             Turns: 1640, Time: 00:04:54

Health: -3/25      AC:  5    Str:  7    XL:     5   Next: 53%
Magic:  6/6        EV: 18    Int: 11    God:
Gold:   122        SH:  0    Dex: 20    Spells: 4/4 levels left

rFire   . . .      SeeInvis +    a - +0 shortbow
rCold   . . .      Faith    .    (shield currently unavailable)
rNeg    . . .      Spirit   .    c - +0 robe
rPois   .          Reflect  .    (helmet restricted)
rElec   .          Harm     .    b - +2 cloak {Stlth+}
rCorr   .          Rampage  .    (gloves unavailable)
Will    .....                    (boots unavailable)
Stlth   ++++                     (no amulet)
HPRegen 0.24/turn                (no ring)
MPRegen 0.10/turn                (no ring)

@: very quick
A: very small, no large weapons, unfitting armour, see invisible, speed 3
a: no special abilities


You were on level 3 of the Dungeon.
You visited 1 branch of the dungeon, and saw 3 of its levels.

You collected 122 gold pieces.

Inventory:

Hand Weapons
 a - a +0 shortbow (weapon)
Missiles
 d - 5 boomerangs
 m - a throwing net
Armour
 b - a +2 cloak of stealth (worn)
 c - a +0 robe (worn)
Scrolls
 k - a scroll of identify {unknown}
 l - a scroll of teleportation {unknown}
Potions
 e - a potion of cancellation {unknown}
 f - a potion of berserk rage {unknown}
 g - a potion of degeneration {unknown}
 h - a potion of magic {unknown}
 i - a potion of might {unknown}
 j - a potion of heal wounds {unknown}
 n - a potion of brilliance {unknown}


   Skills:
 - Level 1.5 Fighting
 + Level 6.4 Ranged Weapons
 - Level 2.6 Dodging
 - Level 4.0 Stealth


You had 4 spell levels left.
You didn't know any spells.
Your spell library was empty.

Dungeon Overview and Level Annotations

Branches:
Dungeon (3/15)

Altars:

Annotations:
D:3 Ijyb


Innate Abilities, Weirdness & Mutations

You are very small and have problems with some larger weapons.
You are too small for most types of armour.
You have supernaturally acute eyesight. (SInv)
You cover ground extremely quickly. (Speed+++)


Message History

You shoot an arrow. The arrow hits Ijyb.
Ijyb is heavily wounded.
Ijyb misses you. Ijyb hits you but does no damage.
You shoot an arrow. The arrow hits Ijyb but does no damage.
Ijyb is heavily wounded.
Ijyb hits you with a +0 club. Ijyb hits you but does no damage.
Okay, then.
You shoot an arrow. The arrow hits Ijyb but does no damage.
Ijyb is heavily wounded.
Ijyb barely misses you.
Fire: a) +0 shortbow
Press: ? - help, Q - select action, (/) - cycle Shift-Dir - straight line, f/p - Ijyb
Aim: Ijyb, wielding a +0 club, wearing a +0 leather armour and carrying a wand of mindburst (13) (heavily wounded, fast, 59% to hit)
You shoot an arrow. The arrow misses Ijyb.
Ijyb misses you. Ijyb hits you with a +0 club.
Fire: a) +0 shortbow
Press: ? - help, Q - select action, (/) - cycle Shift-Dir - straight line, f/p - Ijyb
Aim: Ijyb, wielding a +0 club, wearing a +0 leather armour and carrying a wand of mindburst (13) (heavily wounded, fast, 59% to hit)
You shoot an arrow. The arrow hits Ijyb but does no damage.
Ijyb is heavily wounded.
Ijyb misses you. Ijyb hits you with a +0 club.
Fire: a) +0 shortbow
Press: ? - help, Q - select action, (/) - cycle Shift-Dir - straight line, f/p - Ijyb
Aim: Ijyb, wielding a +0 club, wearing a +0 leather armour and carrying a wand of mindburst (13) (heavily wounded, fast, 59% to hit)
You shoot an arrow. The arrow closely misses Ijyb.
Ijyb barely misses you. Ijyb hits you with a +0 club.
Fire: a) +0 shortbow
Press: ? - help, Q - select action, (/) - cycle Shift-Dir - straight line, f/p - Ijyb
Aim: Ijyb, wielding a +0 club, wearing a +0 leather armour and carrying a wand of mindburst (13) (heavily wounded, fast, 59% to hit)
You shoot an arrow. The arrow hits Ijyb!
Ijyb is almost dead.
Ijyb misses you.
Fire: a) +0 shortbow
Press: ? - help, Q - select action, (/) - cycle Shift-Dir - straight line, f/p - Ijyb
Aim: Ijyb, wielding a +0 club, wearing a +0 leather armour and carrying a wand of mindburst (13) (almost dead, fast, 59% to hit)
You shoot an arrow. The arrow hits Ijyb but does no damage.
Ijyb is almost dead.
Ijyb hits you with a +0 club.
Ijyb zaps a wand.
Your mind is blasted!
Ouch! That really hurt!
You die...

##..##....#..[..#..
..######...###...'...).†..
......>....# ##..#..[..#..
.#.#####.#.# ##.#.....#..
#.....#.# #####+####.
#.......+ ## #######.# #
.#######.# ......g@.#
########.# #.# #.. ####


You could see Ijyb (fast).

Vanquished Creatures
  Crazy Yiuf (D:2)
  An iguana (D:3)
  Natasha (twice) (D:2)
  4 gnolls
  An adder (D:3)
  A worm (D:2)
  A dart slug (D:2)
  5 ball pythons
  3 bats
  8 endoplasms
  3 giant cockroaches
  3 goblins
  3 hobgoblins
  2 jackals (D:2)
  4 kobolds
  4 quokkas
  A frilled lizard (D:1)
  4 rats
51 creatures vanquished.

Vanquished Creatures (others)
  A fungus (D:2)
1 creature vanquished.

Grand Total: 52 creatures vanquished

Notes
Turn   | Place    | Note
-------+----------+-------------------------------------------
     0 | D:1      | Hubris850 the Spriggan Hunter began the quest for the Orb.
     0 | D:1      | Reached XP level 1. HP: 10/10 MP: 2/2
   176 | D:1      | Reached XP level 2. HP: 9/14 MP: 3/3
   543 | D:2      | Found a runed translucent door.
   544 | D:2      | Noticed Crazy Yiuf
   569 | D:2      | Killed Crazy Yiuf
   570 | D:2      | Reached skill level 5 in Ranged Weapons
   570 | D:2      | Reached XP level 3. HP: 18/18 MP: 4/4
   689 | D:2      | Noticed Natasha
   694 | D:2      | Killed Natasha
   695 | D:2      | Reached XP level 4. HP: 19/22 MP: 5/5
  1158 | D:2      | Noticed Natasha
  1170 | D:2      | Killed Natasha
  1432 | D:3      | Reached XP level 5. HP: 25/25 MP: 6/6
  1446 | D:3      | Reached skill level 6 in Ranged Weapons
  1626 | D:3      | Noticed Ijyb
  1640 | D:3      | Blown up by Ijyb

Illustrated notes

Levels and vault maps discovered:
D:1:      denvon_arrival_planthouse, layout_rooms
D:2:      layout_basic, grunt_ministairs_11, uniq_crazy_yiuf_cottage,
          uniq_natasha
D:3:      layout_basic, lemuel_crystal_altar, minmay_quadrilaterals, uniq_ijyb

Skill      XL: |  1  2  3  4  5 |
---------------+----------------+-----
Ranged Weapons | 5 6 |  6.4
Stealth        | 2 3 4 |  4.0
Fighting       | |  1.5
Dodging        | |  2.6

Action                     |  1- 3 |  4- 6 || total
---------------------------+-------+-------++-------
   Fire: Shortbow          |    59 |   103 ||   162
    Use: Scroll            |     1 |     1 ||     2
 Armour: Robe              |       |     5 ||     5
  Dodge: Dodged            |    12 |    33 ||    45

Table legend: (Time is in decaauts)
 A = Elapsed time spent in this place.
 B = Non-inter-level travel time spent in this place.
 C = Inter-level travel time spent in this place.
 D = Time resting spent in this place.
 E = Time spent auto-exploring this place.
 F = Levels seen in this place.
 G = Mean time per level.
                   A        B        C        D        E       F      G
               +--------+--------+--------+--------+--------+-----+--------+
         Total |   1160 |   1083 |     77 |      0 |    763 |   3 |  386.7 |
       Dungeon |   1160 |   1083 |     77 |      0 |    763 |   3 |  386.7 |
               +--------+--------+--------+--------+--------+-----+--------+

Top non-repeatable levels by time:
     D:2: 594 daAuts
     D:1: 353 daAuts
     D:3: 212 daAuts
